 Seeded DCSS version 0.29.1-13-g9f3cf754e1 (webtiles) character file.

Game seed: 16245865983455551772 (custom seed)

4 OTABOTABOTAB the Trooper (level 1, 13/20 HPs)
             Began as a Minotaur Berserker on Jan 24, 2023.
             Was a Follower of Trog.
             Quit the game on level 1 of the Dungeon.
             The game lasted 00:00:36 (81 turns).

OTABOTABOTAB the Trooper (Minotaur Berserker)         Turns: 81, Time: 00:00:37

Health: 13/20      AC:  2    Str: 21    XL:     1   Next: 50%
Magic:  0/0        EV: 12    Int:  4    God:    Trog [*.....]
Gold:   0          SH:  0    Dex:  9    Spells: 0/0 levels left

rFire   . . .      SeeInvis .   a - +0 hand axe
rCold   . . .      Faith    .   (no shield)
rNeg    . . .      Spirit   .   b - +0 animal skin
rPois   .          Reflect  .   (helmet restricted)
rElec   .          Harm     .   (no cloak)
rCorr   .          Rampage  .   (no gloves)
Will    .....                   (no boots)
Stlth   +.........              (no amulet)
HPRegen 0.06/turn               (no ring)
MPRegen 0.07/turn               (no ring)

@: studying Axes
A: horns 2, retaliatory headbutt
a: Renounce Religion, Berserk


You were on level 1 of the Dungeon.
You worshipped Trog.
Trog was aware of your devotion.
You visited 1 branch of the dungeon, and saw 1 of its levels.

Inventory:

Hand Weapons
 a - a +0 hand axe (weapon)
Missiles
 s - 6 stones (quivered)
Armour
 b - a +0 animal skin (worn)
 d - the +3 warlock's mirror {reflect}
   (You acquired it on level 1 of the Dungeon)

   It can block and reflect piercing ranged attacks and magical attacks against
   the wielder's willpower.
Scrolls
 c - a scroll of acquirement


   Skills:
 + Level 3.7 Fighting
 + Level 3.7 Axes
 + Level 2.5 Armour
 + Level 2.3 Dodging


You couldn't memorise any spells.
You didn't know any spells.
Your spell library was empty.

Dungeon Overview and Level Annotations

Branches:
Dungeon (1/15)

Altars:


Innate Abilities, Weirdness & Mutations

You have a pair of horns on your head.
You reflexively headbutt those who attack you in melee.


Message History

Bad channel name for runrest: 'Jiyva says: Divide and consume' Welcome, OTABOTABOTAB the Minotaur Berserker.
Game seed: 16245865983455551772 (custom seed) Trog says: Kill them all!
Found a sling.
Found a staircase leading out of the dungeon.
Found an escape hatch in the floor.
Found an escape hatch in the floor.
A goblin comes into view. It is wielding a +0 dagger.
A goblin is nearby!
A quokka comes into view.
The goblin closely misses you.
There are monsters nearby!
You barely miss the goblin. The goblin closely misses you.
You furiously retaliate!
You headbutt the goblin.
You kill the goblin!
Trog accepts your kill.
Health restored: 20 You hit the quokka.
The quokka bites you but does no damage.
The quokka bites you.
You take 2 damage, and have 18/20 hp.
Unknown command.
You barely miss the quokka. Your punch misses the quokka.
The quokka misses you.
You hit the quokka.
You kill the quokka!
Trog accepts your kill.
No target in view!
No target in view!
You see here a +0 dagger.
s - 6 stones (quivered)
An endoplasm comes into view.
You see here 3 scrolls labelled WAC GOIFOFITOUPLEC.
Health restored: 20
c - 3 scrolls labelled WAC GOIFOFITOUPLEC You barely miss the endoplasm.
You headbutt the endoplasm. The endoplasm freezes you.
You are frozen.
You take 2 damage, and have 18/20 hp.
You hit the endoplasm. The endoplasm freezes you.
You are frozen.
You take 5 damage, and have 13/20 hp.
MASSIVE DAMAGE!!
You hit the endoplasm.
You kill the endoplasm!
Trog accepts your kill.
No target in view!
No target in view!
This is a scroll of acquirement!
You see here a manual of Axes.
Something appears at your feet!
You pick up a manual of Axes and begin studying.
Something appears at your feet!
d - the +3 warlock's mirror {reflect} Unknown command.

## #. #.# #
#.######..##
##.##.#.@.......
........#..#....
##.##...#..# .
#...###.#
#...#.#..
#..##.##.#
#..#...#.. ...
##.##...##.## ...
#..#.....#..#....


There were no monsters in sight!

Vanquished Creatures
  An endoplasm (D:1)
  A goblin (D:1)
  A quokka (D:1)
3 creatures vanquished.

Notes
Turn   | Place    | Note
-------+----------+-------------------------------------------
     0 | D:1      | OTABOTABOTAB the Minotaur Berserker began the quest for the
                  | Orb.
     0 | D:1      | Reached XP level 1. HP: 19/19 MP: 0/0
    77 | D:1      | Identified 3 scrolls of acquirement
    77 | D:1      | Acquired a manual of Axes
    79 | D:1      | Acquired the +3 warlock's mirror {reflect}
    79 | D:1      | Found the +3 warlock's mirror {reflect}
    81 | D:1      | Quit the game

Illustrated notes

Levels and vault maps discovered:
D:1:      minmay_arrival_hallway, layout_loops_corners, basic_ecumenical_altar,
          minmay_unequal

Action                   || total
-------------------------++-------
Melee: Hand axe          ||     7
       Headbutt          ||     1
  Use: Scroll            ||     2
Armor: Animal skin       ||     1
Dodge: Dodged            ||     3

Table legend: (Time is in decaauts)
 A = Elapsed time spent in this place.
 B = Non-inter-level travel time spent in this place.
 C = Inter-level travel time spent in this place.
 D = Time resting spent in this place.
 E = Time spent auto-exploring this place.
 F = Levels seen in this place.
 G = Mean time per level.
                   A        B        C        D        E       F      G
               +--------+--------+--------+--------+--------+-----+--------+
         Total |     81 |     81 |      0 |      0 |     62 |   1 |   81.0 |
       Dungeon |     81 |     81 |      0 |      0 |     62 |   1 |   81.0 |
               +--------+--------+--------+--------+--------+-----+--------+

Top non-repeatable levels by time:
     D:1: 81 daAuts

Table legend:
 A = Kills in this place as a percentage of kills in entire the game.
 B = Kills by you in this place as a percentage of kills by you in the entire game.
 C = Kills by friends in this place as a percentage of kills by friends in the entire game.
 D = Other kills in this place as a percentage of other kills in the entire game.
 E = Experience gained in this place as a percentage of experience gained in the entire game.
 F = Experience gained in this place divided by the number of levels of this place that you have seen.
                   A       B       C       D       E      F
               +-------+-------+-------+-------+-------+----------------------
         Total | 100.0 | 100.0 |   N/A |   N/A | 100.0 |   6.0
       Dungeon | 100.0 | 100.0 |   N/A |   N/A | 100.0 |   6.0
               +-------+-------+-------+-------+-------+----------------------
